 Dungeon Crawl Stone Soup version 0.28.0-1-gb440e238dd (webtiles) character file.

Game seed: 10029037230487788232

3624 unlimited1921 the Thaumaturge (level 10, -22/70 HPs)
             Began as a Djinni Fire Elementalist on Feb 28, 2022.
             Was an Initiate of Gozag.
             Annihilated by a catoblepas (40 damage)
             ... on level 7 of the Dungeon.
             The game lasted 00:37:53 (13303 turns).

unlimited1921 the Thaumaturge (DjFE)               Turns: 13303, Time: 00:37:58

Health: -22/70     AC:  2    Str:  7    XL:     10   Next: 32%
Gold:   735        EV: 15    Int: 21    God:    Gozag SH:  0 Dex: 14

rFire   + + .      SeeInvis .   G - +1 trident (protect)
rCold   x . .      Faith    .   v - orb {light}
rNeg    . . .      Spirit   .   a - +0 robe
rPois   ∞          Reflect  .   (no helmet)
rElec   .          Harm     +   s - scarf {harm}
rCorr   .          Rampage  .   (no gloves)
Will    +....                   (boots unavailable)
Stlth   +.........              (no amulet)
HPRegen 0.21/turn               (no ring)
MPRegen 0.00/turn               (no ring)

@: flying, glowing
A: sickness immunity, fire resistance 2, cold vulnerability 1, float, innate
caster, HP casting, extra vitality 1
a: Renounce Religion, Potion Petition, Call Merchant, Bribe Branch


You were on level 7 of the Dungeon.
You worshipped Gozag.
Gozag was pleased with you.
You visited 2 branches of the dungeon, and saw 8 of its levels.

You collected 887 gold pieces.
You spent 102 gold pieces at shops.
You paid 50 gold pieces to Gozag.

Inventory:

Hand Weapons
 b - a +0 hunting sling
 n - a +0 mace
 q - a +2 dagger of venom
 r - a +0 rapier
 D - a +0 great sword
 G - a +1 trident of protection (weapon)
 H - a +2 rapier of draining
 I - a +2 halberd of venom
Missiles
 c - 109 stones
 g - 24 poisoned darts (quivered)
 o - a throwing net
 t - 91 bolts
 E - 32 sling bullets
Armour
 a - a +0 robe (worn)
 s - a scarf of harm (worn)
 v - an orb of light (worn)
Scrolls
 d - 2 scrolls of fear
 e - a scroll of vulnerability {unknown}
 j - 3 scrolls of teleportation
 l - a scroll of fog {unknown}
 m - a scroll of amnesia {unknown}
 x - a scroll of enchant weapon
 y - a scroll of enchant armour
 A - a scroll of brand weapon {unknown}
 B - a scroll of blinking {unknown}
Potions
 f - a potion of magic {unknown}
 h - 2 potions of degeneration {unknown}
 i - 2 potions of haste {unknown}
 k - a potion of attraction
 p - a potion of ambrosia {unknown}
 u - a potion of curing
 w - a potion of lignification {unknown}
 z - a potion of might {unknown}
 C - a potion of flight {unknown}
 F - 2 potions of heal wounds {unknown}


   Skills:
 * Level 5.5 Fighting
 * Level 6.5 Dodging
 + Level 3.7 Stealth
 + Level 8.9 Spellcasting


You had 3 spell levels left.
You knew the following spells:

 Your Spells              Type           Power      Damage    Failure   Level
a - Foxfire               Conj/Fire      100%       2x1d9     1%          1
b - Scorch                Fire           94%        2d10      1%          2
c - Conjure Flame         Conj/Fire      47%        6-21      1%          3
d - Inner Flame           Hex/Fire       47%        N/A       1%          3
e - Flame Wave            Conj/Fire      47%        2d10      1%          4
f - Sting                 Tmut/Pois      100%       1d8       1%          1
g - Searing Ray           Conj           94%        2d7       1%          2
h - Frozen Ramparts       Ice            94%        1d11      1%          3
i - Fulminant Prism       Conj/Hex       23%        3d13      1%          4
Your spell library was empty.

Dungeon Overview and Level Annotations

Branches:
Dungeon (7/15)             Temple (1/1) D:4

Altars:
Ashenzari
Cheibriados
Dithmenos
Elyvilon
Fedhas
Gozag
Hepliaklqana
Kikubaaqudgha
Makhleb
Nemelex Xobeh
Okawaru
Qazlal
Ru
Sif Muna
Trog
Uskayaw
Vehumet
Wu Jian
Xom
Yredelemnul
Zin

Shops:
D:5 ?   D:6 [


Innate Abilities, Weirdness & Mutations

You are immune to sickness and miasma.
You are immune to poison.
Your flesh is very heat resistant. (rF++)
You are vulnerable to cold. (rC-)
You float through the air rather than walking.
You learn spells naturally, not from books.
Your magical power is your life essence.
You have superior vitality. (+4 MHP)


Message History

Confirm with . or Enter, or press ? or * to list all spells.
Flames lash the catoblepas.
Flame seeps out of the catoblepas.
The catoblepas is heavily wounded.
The catoblepas's fire resistance burns away.
The catoblepas is engulfed in blazing flames.
Flame seeps out of the catoblepas.
The catoblepas breathes a plume of calcifying dust at you.
The blast of calcifying dust hits you!
Found 5 gold pieces.
The catoblepas breathes a plume of calcifying dust at you.
The blast of calcifying dust hits you.
Casting: Scorch (safe; 1% risk of failure)
Confirm with . or Enter, or press ? or * to list all spells.
You conjure some foxfire!
The catoblepas breathes a plume of calcifying dust at you.
The blast of calcifying dust hits you!
* * * LOW HITPOINT WARNING * * *
The blast of calcifying dust hits your foxfire.
The foxfire hits the catoblepas but does no damage.
The catoblepas is severely wounded.
The foxfire hits the catoblepas!
The catoblepas is burned terribly!
Flame seeps out of the catoblepas.
The catoblepas is almost dead.
Casting: Foxfire (safe; 1% risk of failure)
Confirm with . or Enter, or press ? or * to list all spells.
You conjure some foxfire!
* * * LOW HITPOINT WARNING * * *
The catoblepas is no longer more vulnerable to fire.
The foxfire hits the catoblepas but does no damage.
The catoblepas is almost dead.
The foxfire hits the catoblepas but does no damage.
The catoblepas is almost dead.
Casting: Foxfire (safe; 1% risk of failure)
Confirm with . or Enter, or press ? or * to list all spells.
You conjure some foxfire!
* * * LOW HITPOINT WARNING * * *
The catoblepas gores you!!
Ouch! That really hurt!
You die...
Your body crumbles into a pile of gold.

♣...♣ '## ♣.♣.♣.♣ ..
♣.♣♣.♣♣.♣ .. ####.#
## #### ♣♣..♣♣ ♣♣.♣
♣....♣♣ ... ♣..♣♣..♣♣
♣♣ ♣♣$♣♣ ♣..♣
♣♣..♣♣.♣ ♣.vv♣# ..♣
#♣...♣♣#♣♣@.§# # .♣
#♣....#♣$Y.§# .. ♣
#.....#.≈≈§.#.###.
#.....[.$≈≈(......
#......#.≈≈$$#.....
♣........#.....#.....
♣♣...♣♣.♣#....♣# ...$
♣...♣ ♣♣♣#....♣ ###
....♣ #♣♣.♣♣


You could see a catoblepas (inner flame, ally target).

Vanquished Creatures
  A cyclops (D:7)
  A komodo dragon (D:7)
  A slime creature (D:7)
  Eustachio (D:6)
  A wraith (D:7)
  A yak (D:7)
  An acid dragon (D:5)
  2 water moccasins
  2 black bears (D:7)
  2 ice beasts
  2 orc warriors (D:7)
  2 ogres
  2 centaurs (D:6)
  2 phantoms (D:5)
  A bullfrog (D:6)
  A wyvern zombie (D:7)
  2 scorpions
  A wyvern skeleton (D:6)
  A bullfrog zombie (D:6)
  A jelly (D:6)
  4 hounds
  4 orc priests
  A bullfrog skeleton (D:4)
  2 centaur skeletons
  An iguana (D:6)
  4 orc wizards
  2 hound skeletons
  A howler monkey skeleton (D:7)
  7 adders
  A shadow imp (D:7)
  2 white imps (D:6)
  An adder zombie (D:5)
  An adder skeleton (D:4)
  3 dart slugs
  3 worms
  16 orcs
  8 ball pythons
  6 bats
  5 endoplasms
  5 giant cockroaches
  6 goblins
  11 hobgoblins
  3 quokkas
  A frilled lizard (D:1)
  7 kobolds
  3 rats
  2 foxfires (D:6)
138 creatures vanquished.

Vanquished Creatures (others)
  307 foxfires
  9 fulminant prisms
316 creatures vanquished.

Grand Total: 454 creatures vanquished

Notes
Turn   | Place    | Note
-------+----------+-------------------------------------------
     0 | D:1      | unlimited1921 the Djinni Fire Elementalist began the quest
                  | for the Orb.
     0 | D:1      | Reached XP level 1. HP: 15/15 MP: 0/0
   698 | D:1      | Reached XP level 2. HP: 19/21 MP: 0/0
  1165 | D:1      | Reached XP level 3. HP: 22/25 MP: 0/0
  1165 | D:1      | Learned a level 1 spell: Sting
  1330 | D:1      | Reached skill level 3 in Spellcasting
  1647 | D:1      | Found a faded altar of an unknown god.
  2664 | D:2      | Reached XP level 4. HP: 26/31 MP: 0/0
  4538 | D:3      | HP: 1/31 [orc priest/divine providence (15)]
  5254 | D:4      | Reached skill level 1 in Fighting
  5254 | D:4      | Reached XP level 5. HP: 27/37 MP: 0/0
  5254 | D:4      | Learned a level 2 spell: Searing Ray
  5506 | D:4      | Found a staircase to the Ecumenical Temple.
  5512 | Temple   | Entered the Ecumenical Temple
  5534 | Temple   | Became a worshipper of Gozag Ym Sagoz the Greedy
  5567 | D:4      | Noticed an ogre
  5569 | D:4      | Killed an ogre
  5570 | D:4      | Reached skill level 4 in Spellcasting
  5570 | D:4      | Reached XP level 6. HP: 36/42 MP: 0/0
  6613 | D:4      | Noticed a water moccasin
  6615 | D:4      | Killed a water moccasin
  6616 | D:4      | Reached XP level 7. HP: 42/49 MP: 0/0
  6616 | D:4      | Learned a level 3 spell: Frozen Ramparts
  7278 | D:5      | Entered Level 5 of the Dungeon
  7315 | D:5      | Reached skill level 5 in Spellcasting
  7436 | D:5      | Found Jeymyofi's Magic Scroll Boutique.
  7459 | D:5      | Bought a scroll of identify for 24 gold pieces
  7459 | D:5      | Bought a scroll of fear for 42 gold pieces
  7459 | D:5      | Bought a scroll of teleportation for 36 gold pieces
  8518 | D:5      | Reached XP level 8. HP: 50/55 MP: 0/0
  9198 | D:5      | Reached skill level 6 in Spellcasting
 10026 | D:6      | Reached XP level 9. HP: 38/62 MP: 0/0
 10026 | D:6      | Learned a level 4 spell: Fulminant Prism
 10153 | D:7      | Reached skill level 5 in Dodging
 10844 | D:6      | Reached skill level 7 in Spellcasting
 11084 | D:6      | Found Dacih's Armour Boutique.
 11154 | D:6      | Found a sacrificial altar of Ru.
 11240 | D:6      | Found a snail-covered altar of Cheibriados.
 11242 | D:6      | Found a white marble altar of Elyvilon.
 11244 | D:6      | Found a basalt altar of Yredelemnul.
 11422 | D:6      | Noticed Eustachio
 11428 | D:6      | Killed Eustachio
 12651 | D:7      | Reached skill level 8 in Spellcasting
 12654 | D:7      | Noticed a slime creature
 12659 | D:7      | Killed a slime creature
 12679 | D:7      | Noticed a komodo dragon
 12685 | D:7      | Killed a komodo dragon
 12686 | D:7      | Reached skill level 5 in Fighting
 12686 | D:7      | Reached XP level 10. HP: 31/70 MP: 0/0
 13181 | D:7      | Noticed a cyclops
 13186 | D:7      | Killed a cyclops
 13288 | D:7      | Noticed a catoblepas
 13303 | D:7      | Annihilated by a catoblepas

Illustrated notes

Levels and vault maps discovered:
D:1:      heliophobic_arrival_dark_side_of_the_moon, layout_rooms,
          shapermc_ecumenical_altar_venn, serial_bayou_crossing
D:2:      layout_basic
D:3:      layout_basic
D:4:      layout_basic, minmay_temple_entry_hall
D:5:      layout_basic, serial_shops, shop
D:6:      nicolae_whirlpool, layout_rooms, minitemple,
          mainiacjoe_overflow_alcove_1, serial_shops, shop, item_on_display_a,
          uniq_eustachio
D:7:      nzn_winding_woodlands_cross [nzn_winding_woodlands_5x15_lazy_stream,
          nzn_winding_woodlands_5x15_concentric,
          nzn_winding_woodlands_5x15_split_checker,
          nzn_winding_woodlands_5x15_pool,
          nzn_winding_woodlands_15x15_thick_spiral], layout_gridville,
          item_on_display_a
Temple:   minmay_temple_bridge_d

Skill      XL: |  1  2  3  4  5  6  7  8  9 |
---------------+----------------------------+-----
Spellcasting   | 3 4 5 6 8 |  8.9
Stealth        | 2 3 |  3.7
Fighting       | 1 2 3 5 |  5.5
Dodging        | 3 4 6 |  6.5

Action                   |  1- 3 |  4- 6 |  7- 9 | 10-12 || total
-------------------------+-------+-------+-------+-------++-------
Melee: Short sword       |     1 |       |       |       ||     1
       Dagger            |       |     1 |     1 |       ||     2
 Cast: Foxfire           |    62 |    55 |    62 |    12 ||   191
       Inner Flame       |       |    16 |    37 |     5 ||    58
       Scorch            |       |    22 |    38 |     7 ||    67
       Searing Ray       |       |       |     7 |     1 ||     8
       Frozen Ramparts   |       |       |     1 |       ||     1
       Fulminant Prism   |       |       |     7 |     2 ||     9
  Use: Scroll            |       |       |     5 |       ||     5
Armor: Robe              |     1 |       |     1 |       ||     2
Dodge: Dodged            |     5 |     3 |    11 |     1 ||    20
